 Dungeon Crawl Stone Soup version 0.27.1-33-g824d729ab1 (webtiles) character file.

Game seed: 10646828513906161109

21 bpung the Shield-Bearer (level 2, 0/19 HPs)
             Began as a Gargoyle Fighter on Dec 1, 2021.
             Shot with a stone by a goblin (5 damage)
             ... on level 2 of the Dungeon.
             The game lasted 00:02:06 (1105 turns).

bpung the Shield-Bearer (Gargoyle Fighter)          Turns: 1105, Time: 00:02:07

Health: 0/19       AC:  9    Str: 19    XL:     2   Next: 83%
Magic:  2/2        EV:  7    Int:  8    God:
Gold:   16         SH:  9    Dex:  9    Spells: 1/1 levels left

rFire    . . .     SeeInvis .   a - +0 flail
rCold    . . .     Faith    .   c - +0 kite shield
rNeg     + . .     Spirit   .   b - +0 scale mail
rPois    ∞         Reflect  .   (no helmet)
rElec    +         Harm     .   (no cloak)
rCorr    .         Rampage  .   (no gloves)
Will     .....                  (no boots)
Stlth    ..........             (no amulet)
HPRegen  0.06/turn              (no ring)
MPRegen  0.08/turn              (no ring)

@: no status effects
A: sickness immunity, AC +2, negative energy resistance 1, electricity
resistance, torment resistance 1, petrification resistance
a: no special abilities


You were on level 2 of the Dungeon.
You visited 1 branch of the dungeon, and saw 2 of its levels.

You collected 16 gold pieces.

Inventory:

Hand Weapons
 a - a +0 flail (weapon)
Armour
 b - a +0 scale mail (worn)
 c - a +0 kite shield (worn)
Scrolls
 f - a scroll of teleportation {unknown}
 g - a scroll of enchant armour {unknown}
Potions
 d - a potion of might
 e - a potion of mutation {unknown}
 h - 2 potions of heal wounds {unknown}


   Skills:
 + Level 3.6 Fighting
 + Level 2.3 Maces & Flails
 + Level 3.5 Armour
 + Level 3.6 Shields


You had one spell level left.
You didn't know any spells.
Your spell library was empty.

Dungeon Overview and Level Annotations

Branches:
Dungeon (1/15)

Altars:

Annotations:
D:2 Robin


Innate Abilities, Weirdness & Mutations

You are immune to sickness and miasma.
Your stone body is resilient. (AC +2)
You are immune to poison.
You resist negative energy. (rN+)
You are resistant to electric shocks. (rElec)
You are resistant to unholy torment.
You are immune to petrification.


Message History

The hobgoblin hits you.
The goblin unwields a +0 club.
The goblin wields a +0 hunting sling.
The goblin shoots a stone.
You block the stone.
The goblin hits you with a +1 vampiric dagger.
The goblin hits you but does no damage. The goblin hits you but does no damage.
The goblin hits you but does no damage. The endoplasm freezes you.
You are frozen.
* * * LOW HITPOINT WARNING * * *
A gnoll comes into view. It is wielding a +1 dagger of venom.
The gnoll moves out of view.
A hobgoblin comes into view. It is wielding a +0 whip.
The hobgoblin shouts!
You hear a shout! x4
A hobgoblin comes into view.
A gnoll comes into view. It is wielding a +0 halberd.
The gnoll shouts!
A goblin and a hobgoblin come into view.
The goblin is wielding a +0 dagger of speed.
The hobgoblin shouts!
A hobgoblin comes into view.
A goblin comes into view. It is wielding a +0 dagger.
Robin of the Strong Arm comes into view.
They are wielding a +0 whip.
A goblin comes into view. It is wielding a +0 trident.
A gnoll comes into view. It is wielding a +2 vampiric halberd.
Found a stone staircase leading down.
Robin shouts!
The goblin shouts! x2; You hear a shout!
You hear an angry hiss.
A goblin comes into view. It is wielding a +0 dagger.
The gnoll barely misses you.
The goblin unwields a +0 hunting sling.
The goblin wields a +0 club.
You block the goblin's attack.
A goblin comes into view. It is wielding a +0 club.
Robin throws the goblin at you!
* * * LOW HITPOINT WARNING * * *
A frilled lizard comes into view.
A goblin, a hobgoblin and a dart slug come into view.
The hobgoblin shouts!
The goblin shouts!
A goblin comes into view. It is wielding a +1 dagger of venom.
The goblin unwields a +0 club.
The goblin wields a +0 hunting sling.
The goblin shoots a stone.
The stone hits you.
You die...

.... #.gggw....
.>..............
.....#g...g.....
......g.....g...
#.#.#.gg.......
#....gg.gg.....
#.....g........
........#..$..@g......l
.......#......g.#....
#........#...ggg# .
##........#...lgJ#
#................## .
#...............K.#
..#......)..........#
....................#
#..#................#


You could see Robin, 3 gnolls, a dart slug, an endoplasm, 6 hobgoblins, 10
goblins, a kobold and a frilled lizard.

Vanquished Creatures
  2 bats (D:1)
  2 giant cockroaches (D:1)
  2 goblins (D:1)
  4 hobgoblins (D:1)
  A kobold (D:2)
  4 ball pythons (D:1)
  A frilled lizard (D:1)
  2 rats (D:1)
18 creatures vanquished.

Notes
Turn   | Place    | Note
-------+----------+-------------------------------------------
     0 | D:1      | bpung the Gargoyle Fighter began the quest for the Orb.
     0 | D:1      | Reached XP level 1. HP: 14/14 MP: 1/1
   123 | D:1      | Reached XP level 2. HP: 19/19 MP: 2/2
  1078 | D:1      | You fall into a shaft and drop 1 floor!
  1103 | D:2      | Noticed Robin
  1105 | D:2      | Shot with a stone by a goblin

Illustrated notes

Levels and vault maps discovered:
D:1:      wheals_arrival_linesprint, layout_basic
D:2:      layout_basic, serial_shops, nicolae_shop_stone,
          hellmonk_ecumenical_altar_blasted, kennysheep_decorative_pillar,
          st_stairs_4, uniq_robin, uniq_terence

Action                   || total
-------------------------++-------
Melee: Flail             ||    77
Armor: Scale mail        ||    68
Dodge: Dodged            ||    32
Block: Kite shield       ||    71
